AoeStats
← Gold Please

Arabia

509581766Analyzed
1v1 RM · 3d ago on Sep 27, 2026· 21m 12s· 2 players
Game mode
Random Map
Map size
Tiny (2 player)
Population
200
Speed
Normal
Resources
Standard
Victory
Conquest
Starting age
Dark Age
Ending age
Imperial Age
RankedLock teamsTeams togetherTeam positionsShared explorationLock speedFull tech treeHidden civsTurbo modeCheats
Victory
Defeat
🇯🇵 Varangians · Japan
1499
+16
🇦🇷 Varangians · Argentina
1491
-16
[CLag]RirroMza
6:28 Loom
9:02 Feudal Age
9:35 Double-Bit Axe
16:32 Horse Collar
19:38 Fletching
20:57 Bloodlines
Gold Please
7:08 Loom
9:00 Feudal Age
9:24 Man-at-Arms
10:02 Double-Bit Axe
20:57 Castle Age
18:49 Horse Collar
20:04 Gold Mining
21:23 Scale Mail Armor
21:39 Fletching
Connection lost

Rejoining the realm…

Still unreachable

The connection could not be restored.

Session expired

The server has moved on; the page needs a fresh start.